Map: Abyssal Reef LE

Players

Nerchio

  • Race: Zerg Zerg
  • Spawn Location: 11:00

PtitDrogo - Winner!

  • Race: Protoss Protoss
  • Spawn Location: 5:00

Event: WCS Jonkoping 2017

VOD

Have the link to the VOD?

Description

Time

  • Played on: June 18, 2017, 6:38 a.m.
  • Length: 19:28

All games in this series

Show
View Real Time Build Order
Export as new Build Order

Nerchio Zerg 

Build Orders: Hatch First 

Get SALT Encoding   

  12  0:00  Drone  
  13  0:12  Overlord  
  13  0:17  Drone  
  14  0:30  Drone x2  
  14  0:35  Drone  
  17  0:52  Hatchery  
  17  0:56  Drone  
  17  0:59  Drone  
  18  1:10  Extractor  
  17  1:15  Spawning Pool  
  17  1:18  Drone  
  17  1:22  Drone  
  18  1:28  Drone  
  19  1:38  Overlord  
  19  1:49  Drone  
  20  2:01  Queen  
  20  2:02  Zergling x2  
  20  2:04  Queen  
  20  2:06  Zergling x2  
  26  2:11  Metabolic Boost  
  26  2:16  Drone  
  26  2:18  Drone  
  26  2:22  Drone  
  29  2:25  Drone  
  30  2:32  Drone  
  31  2:45  Hatchery  
  31  2:48  Drone x2  
  31  2:51  Drone  
  32  2:55  Overlord  
  32  3:03  Queen  
  34  3:06  Zergling x2  
  35  3:15  Zergling x8  
  35  3:16  Zergling x2  
  35  3:18  Drone  
  41  3:22  Overlord  
  41  3:25  Drone  
  41  3:26  Drone  
  43  3:28  Drone  
  44  3:38  Overlord  
  45  3:41  Drone x4  
  45  3:43  Drone  
  45  3:45  Drone  
  45  3:46  Drone  
  51  3:49  Overlord  
  51  3:56  Queen  
  51  3:59  Drone x2  
  51  4:01  Drone  
  56  4:05  Spore Crawler  
  56  4:07  Spore Crawler  
  56  4:08  Drone  
  56  4:09  Drone  
  56  4:13  Spore Crawler  
  56  4:14  Drone  
  56  4:16  Drone  
  57  4:18  Drone  
  57  4:19  Drone  
  57  4:22  Drone x2  
  57  4:24  Drone  
  61  4:26  Drone  
  61  4:27  Drone  
  61  4:34  Drone x3  
  62  4:40  Zergling x6  
  62  4:42  Zergling x4  
  62  4:43  Zergling x2  
  68  4:47  Evolution Chamber  
  68  4:48  Overlord  
  68  4:51  Zergling x4  
  69  5:03  Queen x2  
  69  5:04  Drone x2  
  69  5:05  Drone  
  72  5:09  Drone  
  72  5:10  Drone x3  
  72  5:12  Drone  
  72  5:13  Drone  
  76  5:16  Zerg Melee Weapons Level 1, Drone  
  76  5:17  Drone  
  76  5:19  Drone  
  76  5:21  Drone  
  80  5:25  Drone  
  80  5:26  Drone x2  
  80  5:30  Drone  
  80  5:31  Drone  
  80  5:35  Drone x2  
  77  5:37  Baneling Nest  
  77  5:39  Extractor  
  77  5:40  Extractor  
  74  5:42  Lair  
  74  5:45  Drone x2  
  74  5:48  Hatchery  
  74  5:49  Overlord  
  75  5:50  Drone, Overlord  
  75  5:52  Drone x2  
  75  5:53  Drone  
  75  5:55  Drone  
  81  5:57  Extractor x2, Drone  
  81  5:58  Extractor, Drone  
  81  6:01  Drone  
  81  6:02  Overlord  
  80  6:06  Overlord  
  80  6:14  Drone x2  
  80  6:15  Drone  
  80  6:18  Zergling x10  
  83  6:19  Zergling x6  
  90  6:25  Baneling  
  90  6:26  Baneling x6  
  90  6:28  Zergling x4  
  89  6:37  Drone x2  
  89  6:38  Drone  
  89  6:39  Extractor  
  90  6:40  Overlord  
  90  6:46  Centrifical Hooks  
  90  6:47  Pneumatized Carapace, Hydralisk Den  
  89  6:49  Drone x5  
  89  6:51  Queen  
  96  6:58  Spore Crawler  
  95  7:06  Overlord  
  95  7:12  Overlord x3  
  95  7:24  Hydralisk x9, Muscular Augments  
  95  7:25  Hydralisk  
  95  7:29  Hydralisk x2  
  117  7:35  Baneling  
  117  7:36  Hydralisk, Baneling x2  
  121  7:40  Hydralisk x2  
  125  7:44  Overlord  
  125  7:45  Zergling x8  
  125  7:46  Zergling x4  
  125  7:48  Zerg Melee Weapons Level 2  
  131  7:53  Hydralisk x2  
  131  7:57  Baneling x2  
  136  7:58  Zergling x10  
  136  8:01  Zergling x2  
  136  8:02  Overlord  
  141  8:07  Overlord  
  141  8:08  Overlord  
  141  8:09  Overlord  
  141  8:12  Hydralisk  
  141  8:15  Baneling x4  
  141  8:17  Baneling  
  141  8:18  Baneling x9  
  143  8:20  Hydralisk  
  143  8:25  Hydralisk x2  
  149  8:31  Hydralisk x2  
  145  8:35  Hydralisk x2  
  145  8:39  Hydralisk  
  136  8:41  Zergling x6  
  136  8:42  Zergling x10  
  136  8:43  Hydralisk  
  136  8:48  Hydralisk x2  
  139  8:50  Hydralisk  
  139  8:53  Hydralisk  
  141  8:56  Zergling x4  
  141  8:58  Hydralisk  
  141  9:02  Drone x3  
  137  9:08  Zergling x4  
  130  9:18  Hydralisk  
  130  9:20  Baneling  
  130  9:21  Queen, Baneling  
  130  9:23  Drone x2  
  136  9:24  Drone  
  136  9:26  Zergling x2  
  136  9:29  Zergling x4  
  138  9:33  Zergling x4  
  138  9:37  Hydralisk  
  136  9:39  Hydralisk x2  
  136  9:43  Zergling x2  
  136  9:44  Zergling x4  
  131  9:48  Hydralisk  
  131  9:50  Hydralisk  
  131  9:51  Hydralisk  
  114  9:53  Hydralisk  
  114  9:56  Hydralisk  
  114  9:59  Hydralisk  
  116  10:02  Hydralisk  
  116  10:04  Hydralisk  
  116  10:06  Drone  
  116  10:07  Drone  
  122  10:12  Drone x3  
  122  10:13  Drone  
  126  10:19  Zergling x4  
  128  10:21  Zergling x2  
  128  10:24  Zerg Missile Weapons Level 1  
  128  10:26  Zergling x8  
  128  10:27  Zergling x2  
  134  10:33  Zergling x2  
  134  10:35  Zergling x4  
  137  10:42  Infestation Pit  
  133  10:44  Hydralisk  
  133  10:45  Hydralisk x3  
  137  10:50  Zergling x8  
  137  10:53  Zergling x2  
  137  10:56  Baneling x12  
  137  10:57  Baneling x3  
  141  10:59  Zergling x4  
  141  11:00  Zergling x2  
  141  11:01  Zergling x2  
  145  11:09  Baneling x12  
  145  11:11  Hydralisk  
  145  11:17  Hydralisk  
  145  11:18  Hydralisk  
  149  11:19  Hydralisk  
  149  11:24  Hydralisk  
  149  11:25  Hydralisk  
  157  11:26  Zergling x2  
  157  11:27  Zergling x2  
  159  11:34  Overlord x3  
  159  11:37  Hydralisk  
  159  11:38  Hydralisk  
  155  11:40  Hydralisk  
  155  11:43  Zergling x4  
  155  11:45  Zergling x2  
  141  11:47  Drone  
  141  11:48  Drone  
  141  11:50  Hydralisk  
  141  11:51  Hydralisk  
  141  11:53  Drone  
  140  11:58  Drone x3  
  139  12:01  Zergling x2  
  139  12:02  Zergling x2  
  139  12:05  Zergling x2  
  138  12:09  Zergling x2  
  138  12:10  Zergling x2  
  138  12:15  Zergling x2  
  139  12:16  Zergling x2  
  139  12:18  Zergling x2  
  139  12:19  Queen  
  139  12:21  Hatchery, Zergling x2  
  143  12:23  Zergling x2  
  143  12:25  Zergling x4  
  143  12:28  Baneling x6  
  143  12:29  Baneling  
  140  12:30  Zergling x2  
  140  12:36  Zergling x10  
  145  12:38  Zergling x4  
  145  12:43  Zergling x4  
  145  12:44  Zergling x2  
  151  12:45  Baneling x3  
  151  12:46  Baneling  
  147  12:52  Zergling x2  
  147  12:54  Zergling x2  
  147  12:55  Zergling x8  
  147  12:56  Zergling x2  
  147  12:57  Hatchery  
  133  13:01  Hydralisk  
  133  13:03  Zergling x6  
  133  13:04  Baneling x6  
  133  13:05  Baneling x2  
  138  13:08  Zergling x6  
  138  13:10  Zergling x2  
  142  13:14  Zergling x2  
  142  13:17  Zergling x2  
  142  13:18  Baneling x12  
  145  13:20  Zergling x2  
  145  13:21  Zergling x2  
  145  13:23  Baneling x3  
  145  13:24  Baneling  
  146  13:31  Hive  
  146  13:33  Zergling x8  
  150  13:40  Hydralisk x2  
  154  13:42  Hydralisk  
  154  13:47  Hydralisk x2  
  160  13:52  Hydralisk  
  160  13:53  Hydralisk  
  162  14:13  Zergling x24  
  162  14:14  Hydralisk  
  162  14:15  Hydralisk  
  163  14:21  Hydralisk x3  
  164  14:25  Hydralisk  
  164  14:26  Hydralisk  
  164  14:27  Hydralisk  
  165  14:34  Drone x4  
  165  14:38  Pathogen Glands  
  152  14:46  Baneling  
  152  14:47  Baneling x15  
  152  14:50  Overseer x2  
  148  14:55  Zergling x8  
  148  14:57  Overseer  
  148  14:58  Zergling x4  
  148  14:59  Zergling x2  
  155  15:04  Zergling x8  
  155  15:06  Zergling x2  
  160  15:10  Zergling x8  
  160  15:12  Zergling x2  
  165  15:16  Zergling x4  
  156  15:23  Zergling x10  
  156  15:26  Zergling x2  
  156  15:27  Hydralisk x2  
  113  15:29  Zergling x2  
  113  15:30  Zergling x2  
  113  15:32  Zergling x4  
  113  15:34  Zergling x2  
  110  15:41  Hydralisk x3  
  110  15:43  Zergling x4  
  107  15:50  Hydralisk  
  107  15:51  Hydralisk  
  107  15:53  Zergling x2  
  107  15:54  Zergling x2  
  103  16:00  Overseer, Hydralisk  
  105  16:05  Zergling x6  
  105  16:08  Baneling  
  105  16:09  Baneling x5  
  108  16:11  Zergling x2  
  108  16:14  Zergling x2  
  108  16:15  Zergling x2  
  108  16:17  Zergling x2  
  112  16:24  Baneling  
  112  16:25  Baneling x6  
  111  16:28  Infestor  
  112  16:40  Infestor  
  112  16:44  Burrow  
  114  16:47  Infestor, Hatchery  
  114  16:49  Infestor  
  114  16:53  Infestor  
  119  17:06  Neural Parasite  
  119  17:07  Hatchery  
  118  17:11  Infestor  
  118  17:12  Infestor  
  118  17:14  Infestor  
  124  17:21  Infestor x2  
  127  17:27  Infestor  
  129  17:32  Zergling x4  
  129  17:33  Zergling x2  
  129  17:35  Hatchery  
  132  17:38  Zergling x2  
  133  17:45  Zergling x4  
  133  17:46  Zergling x2  
  133  17:48  Zergling x2  
  134  17:52  Baneling  
  134  17:53  Baneling  
  134  17:56  Zergling x2  
  134  18:00  Zergling x2  
  134  18:02  Baneling x4  
  135  18:07  Zergling x6  
  138  18:26  Hatchery  
  137  18:28  Baneling  
  137  18:29  Baneling  
  137  18:30  Baneling  
  137  18:31  Baneling  
  137  18:34  Baneling  
  137  18:36  Baneling x4  
  137  18:38  Zergling x2  
  138  18:41  Zergling x4  
  138  18:44  Zergling x8  
  138  18:46  Zergling x2  
  138  18:47  Zergling x4  
  142  18:48  Zergling x2  
  142  18:50  Zergling x2  
  142  18:51  Zergling x2  
  138  19:01  Drone x4  
  122  19:09  Zergling x2  
  117  19:10  Zergling x8  
Show
View Real Time Build Order
Export as new Build Order

PtitDrogo Protoss - Winner!

Build Orders: 1 Gate Expand, Oracle Opening, Zealot Archon 

Get SALT Encoding   

  12  0:01  Probe (Chrono Boost)  
  13  0:11  Probe (Chrono Boost)  
  14  0:18  Pylon  
  14  0:22  Probe (Chrono Boost)  
  15  0:36  Probe (Chrono Boost)  
  15  0:39  Gateway  
  16  0:46  Probe (Chrono Boost)  
  16  0:48  Assimilator  
  17  0:57  Probe (Chrono Boost)  
  18  1:08  Probe (Chrono Boost)  
  19  1:24  Nexus  
  19  1:27  Probe (Chrono Boost)  
  20  1:34  Cybernetics Core  
  20  1:38  Probe (Chrono Boost)  
  21  1:42  Assimilator  
  21  1:48  Probe (Chrono Boost)  
  21  1:52  Pylon  
  22  1:59  Probe (Chrono Boost)  
  23  2:10  Probe (Chrono Boost), Adept (Chrono Boost)  
  23  2:11  Warp Gate  
  27  2:22  Probe  
  27  2:35  Probe  
  27  2:36  Stargate  
  28  2:37  Probe  
  28  2:41  Stalker (Chrono Boost)  
  31  2:47  Probe  
  31  2:48  Probe  
  33  2:59  Probe x2 (Chrono Boost)  
  35  3:11  Probe x2 (Chrono Boost)  
  37  3:15  Gateway  
  37  3:16  Gateway  
  37  3:20  Probe (Chrono Boost)  
  37  3:21  Probe  
  37  3:23  Oracle (Chrono Boost)  
  42  3:30  Pylon, Probe  
  42  3:33  Probe  
  44  3:38  Pylon  
  44  3:41  Probe  
  44  3:45  Probe  
  44  3:47  Assimilator  
  46  3:50  Assimilator  
  46  3:51  Probe  
  47  3:56  Oracle (Chrono Boost)  
  47  3:57  Probe  
  47  4:02  Probe  
  51  4:09  Probe  
  53  4:12  Probe  
  53  4:15  Pylon  
  53  4:16  Adept x3  
  60  4:21  Probe  
  60  4:23  Probe  
  62  4:33  Probe  
  62  4:37  Nexus  
  63  4:40  Adept x3  
  63  4:43  Probe  
  69  4:48  Probe  
  70  4:59  Nexus  
  70  5:06  Probe  
  70  5:07  Pylon  
  60  5:09  Pylon, Adept x3  
  60  5:13  Probe  
  66  5:17  Twilight Council  
  66  5:18  Probe  
  68  5:22  Pylon  
  68  5:24  Probe  
  69  5:30  Zealot  
  69  5:31  Probe, Adept x2  
  69  5:34  Probe  
  68  5:39  Phoenix (Chrono Boost)  
  68  5:42  Forge  
  71  5:43  Probe  
  71  5:47  Probe  
  73  5:51  Charge (Chrono Boost)  
  73  5:53  Robotics Facility  
  73  5:55  Probe  
  74  5:58  Probe  
  75  6:06  Protoss Ground Weapons Level 1 (Chrono Boost)  
  75  6:07  Probe  
  75  6:10  Sentry x3  
  75  6:11  Probe x2  
  82  6:16  Pylon  
  84  6:19  Probe  
  84  6:21  Probe  
  84  6:24  Templar Archives, Assimilator  
  84  6:25  Probe  
  87  6:28  Assimilator  
  87  6:34  Probe x2  
  87  6:37  Probe  
  87  6:39  Gateway x2  
  90  6:40  Warp Prism (Chrono Boost)  
  90  6:45  Gateway  
  90  6:46  Probe, Gateway  
  94  6:49  Probe  
  94  6:51  Mothership Core  
  96  6:55  Photon Cannon, Pylon  
  96  6:58  Gateway  
  96  7:02  Psionic Storm  
  96  7:11  Pylon, Warp Prism  
  96  7:13  Photon Cannon  
  98  7:24  Gateway  
  98  7:25  High Templar x2  
  98  7:26  Zealot  
  104  7:37  Archon  
  104  7:42  Pylon, High Templar  
  104  7:43  High Templar x3  
  112  7:45  Nexus  
  112  7:46  Pylon  
  112  7:47  Archon x2  
  112  7:50  Pylon  
  112  7:51  Zealot  
  112  7:54  Immortal  
  112  7:58  High Templar x2  
  118  8:02  Archon  
  118  8:03  Zealot  
  118  8:05  Photon Cannon  
  124  8:08  Photon Cannon  
  124  8:12  Zealot, Photon Cannon  
  126  8:16  Zealot x4  
  134  8:25  High Templar  
  134  8:26  High Templar  
  138  8:31  Archon  
  127  8:35  Zealot x3  
  127  8:38  Immortal  
  127  8:45  Probe  
  127  8:46  Zealot x4  
  127  8:48  Probe  
  141  8:52  Protoss Ground Weapons Level 2  
  141  8:56  Probe  
  141  8:57  Probe  
  141  8:58  Nexus  
  141  9:02  Probe, Stalker x3  
  140  9:07  High Templar x2  
  132  9:11  High Templar  
  132  9:16  Pylon x2  
  134  9:18  Immortal  
  134  9:20  Probe  
  139  9:27  High Templar  
  119  9:50  Archon x2  
  119  9:52  Zealot x8, Immortal  
  123  9:54  Probe  
  123  9:57  Probe  
  123  9:59  Probe  
  130  10:00  Pylon x2  
  130  10:16  Photon Cannon  
  130  10:20  High Templar x3  
  136  10:22  Photon Cannon  
  136  10:23  Photon Cannon  
  136  10:25  Probe  
  137  10:32  Zealot x5  
  137  10:33  Zealot  
  137  10:34  Probe  
  149  10:36  Probe x2  
  149  10:37  Probe  
  149  10:40  Immortal  
  153  10:45  Probe  
  153  10:48  Probe x2  
  153  10:49  Probe  
  149  10:52  High Templar  
  149  10:53  High Templar  
  149  10:55  Probe  
  153  10:58  High Templar x3  
  153  10:59  High Templar  
  153  11:01  Assimilator  
  153  11:03  Assimilator  
  153  11:04  Pylon, Archon x2  
  162  11:06  Pylon  
  160  11:14  Zealot x3  
  164  11:18  Probe  
  164  11:24  Stalker  
  167  11:26  Stalker  
  169  11:36  Zealot x7  
  179  11:45  Probe  
  170  11:50  Zealot x2  
  170  11:52  Protoss Ground Weapons Level 3  
  148  12:02  High Templar x6  
  148  12:04  Zealot  
  148  12:07  Archon x2  
  148  12:08  Archon  
  155  12:11  Probe  
  155  12:14  Fleet Beacon  
  152  12:24  Nexus  
  152  12:26  Pylon  
  148  12:30  Probe  
  149  12:37  High Templar  
  149  12:38  High Templar x3  
  149  12:39  Zealot x5  
  149  12:42  Archon x2  
  137  13:01  Probe  
  142  13:06  Photon Cannon  
  142  13:08  Photon Cannon  
  142  13:09  Photon Cannon  
  142  13:10  Zealot x4  
  142  13:11  Photon Cannon  
  150  13:13  Assimilator  
  150  13:17  Assimilator  
  150  13:18  High Templar  
  152  13:20  Photon Cannon  
  152  13:21  Probe, Photon Cannon  
  152  13:27  High Templar x3  
  155  13:28  High Templar  
  155  13:32  Archon x2  
  155  13:33  Immortal  
  161  13:40  Zealot x4  
  173  13:50  Probe  
  173  13:52  Photon Cannon  
  173  13:55  Photon Cannon  
  168  14:04  Zealot x4  
  168  14:05  Zealot x5  
  168  14:22  Probe x2  
  153  14:26  Zealot x7  
  153  14:29  Probe  
  153  14:30  Probe  
  163  14:39  Zealot x2  
  157  14:47  Probe  
  148  14:55  Immortal  
  152  15:04  High Templar x2  
  152  15:05  High Templar x6  
  152  15:06  Zealot  
  170  15:08  Archon  
  170  15:09  Archon x3  
  170  15:12  Carrier  
  160  15:26  Archon  
  138  15:28  Zealot  
  132  15:48  Zealot x3  
  132  15:49  Zealot x4  
  134  15:50  Zealot x2  
  120  16:10  High Templar  
  120  16:11  High Templar x3  
  128  16:12  High Templar  
  126  16:25  High Templar  
  126  16:26  High Templar x3  
  126  16:30  Stargate  
  126  16:31  Archon x2  
  134  16:33  Stargate  
  134  16:35  Immortal  
  134  16:38  Carrier  
  140  16:43  Zealot x4  
  152  16:57  Nexus, High Templar  
  152  16:58  Pylon, High Templar x3  
  152  16:59  Zealot  
  162  17:02  Archon x2  
  162  17:04  Zealot x4  
  162  17:07  Pylon  
  170  17:08  Pylon  
  170  17:16  Carrier (Chrono Boost)  
  172  17:34  Zealot x9, Photon Cannon  
  172  17:36  Photon Cannon  
  190  17:38  Photon Cannon  
  190  17:40  Photon Cannon  
  190  17:41  Carrier (Chrono Boost)  
  190  17:55  Graviton Catapult  
  190  17:58  Assimilator  
  186  18:00  Assimilator  
  186  18:04  Probe  
  187  18:06  Carrier (Chrono Boost)  
  193  18:15  Probe  
  194  18:24  High Templar x2  
  194  18:25  Zealot  
  200  18:29  Archon  
  200  18:37  Observer  
  200  18:41  Gateway  
  199  18:43  Gateway  
  199  18:45  Gateway  
  199  18:46  Zealot x3  
  129  19:14  Zealot x5  
  129  19:17  Zealot x4  
Tags
 
Add a new tag
Caveats
  • Supply blocks, unpowered buildings, or Contaminate may cause inaccurate times.
  • Supply counts are checked every 10 seconds.